 Dungeon Crawl Stone Soup version 0.28-a0-479-g5baa6b73be (webtiles) character file.

Game seed: 9924811231919537363

758 siradein the Covered (level 7, -5/44 HPs)
             Began as a Tengu Fighter on Sept 17, 2021.
             Was an Initiate of Gozag.
             Slain by a shadow (18 damage)
             ... on level 6 of the Dungeon.
             The game lasted 00:20:20 (6075 turns).

siradein the Covered (Tengu Fighter)                Turns: 6075, Time: 00:20:20

Health: -5/44      AC: 11    Str: 17    XL:     7   Next: 80%
Magic:  8/8        EV:  8    Int:  8    God:    Gozag
Gold:   85         SH:  5    Dex: 15    Spells: 6/6 levels left

rFire   + . .      SeeInvis .   a - +0 long sword
rCold   . . .      Faith    .   c - +0 buckler
rNeg    . . .      Spirit   .   A - +0 chain mail {rF+}
rPois   .          Reflect  .   (helmet restricted)
rElec   .          Harm     .   (no cloak)
rCorr   .          Rampage  .   C - +0 pair of gloves
Will    .....                   (boots unavailable)
Stlth   ..........              (no amulet)
HPRegen 0.14/turn               f - ring of Shadows {Umbra +Inv Stlth+}
MPRegen 0.11/turn               (no ring)

@: flying quickly and evasively, wreathed by umbra, quick
A: beak, talons 3, nimble flight
a: Renounce Religion, Evoke Invisibility, Potion Petition, Call Merchant, Bribe
Branch


You were on level 6 of the Dungeon.
You worshipped Gozag.
Gozag was noncommittal.
You visited 1 branch of the dungeon, and saw 6 of its levels.

You collected 588 gold pieces.
You spent 454 gold pieces at shops.
You paid 49 gold pieces to Gozag.

Inventory:

Hand Weapons
 a - a +0 long sword (weapon)
Missiles
 i - 6 curare-tipped darts
 k - 2 javelins
 v - 33 poisoned darts (quivered)
Armour
 c - a +0 buckler (worn)
 A - a +0 chain mail of fire resistance (worn)
 C - a +0 pair of gloves (worn)
Jewellery
 f - the ring of Shadows (left hand) {Umbra +Inv Stlth+}
   (You bought it in a shop on level 3 of the Dungeon)

   [ring of stealth]

   It surrounds you with an aura of shadow, increasing your stealth and reducing
   the accuracy of all within it (including the wearer).
   +Inv:      It lets you turn invisible.
   Stlth:     It makes you more stealthy.
 w - a ring of wizardry
Wands
 u - a wand of mindburst (14)
 y - a wand of polymorph (11)
Scrolls
 b - 2 scrolls of identify {unknown}
 e - 2 scrolls of teleportation {unknown}
 h - a scroll of blinking {unknown}
 l - a scroll of immolation {unknown}
 o - 2 scrolls of silence {unknown}
 p - a scroll of brand weapon {unknown}
 q - 2 scrolls of acquirement {unknown}
 t - a scroll of fear {unknown}
 B - a scroll of enchant weapon {unknown}
Potions
 d - a potion of might
 g - 3 potions of flight {unknown}
 j - a potion of heal wounds {unknown}
 m - 2 potions of resistance {unknown}
 n - a potion of invisibility {unknown}
 r - a potion of lignification {unknown}
 s - a potion of curing {unknown}
 x - a potion of brilliance {unknown}
 z - a potion of ambrosia {unknown}


   Skills:
 + Level 5.1 Fighting
 + Level 5.0 Long Blades
 + Level 5.6 Armour
 + Level 5.1 Shields


You had 6 spell levels left.
You didn't know any spells.
Your spell library contained the following spells:

 Spells                   Type           Power      Damage    Failure   Level
 Ensorcelled Hibernation  Hex/Ice        0%         N/A       100%        2
 Spider Form              Tmut/Pois      0%         N/A       100%        3
 Tukima's Dance           Hex            0%         N/A       100%        3
 Passage of Golubria      Tloc           N/A        N/A       100%        4
 Yara's Violent Unravell  Hex/Tmut       0%         3d3       100%        5


Dungeon Overview and Level Annotations

Branches:
Dungeon (6/15)             Temple (0/1) D:4

Altars:
Fedhas
Gozag
Hepliaklqana
Makhleb
Sif Muna
Vehumet
The Shining One

Shops:
D:3 =   D:5 ?*[*

Annotations:
D:3 2 transporters
D:5 exclusion: statue


Innate Abilities, Weirdness & Mutations

You have a beak for a mouth.
You have claws for feet.
Your magical nature lets you fly swiftly and evasively.


Message History

You kill the quokka!
You feel sick.
You are no longer poisoned.
No target in view!
No target in view!
A shadow is nearby!
A shadow is nearby!
You start resting.
HP restored.
You now have 85 gold pieces (gained 17).
Things that are here:
a +1 dagger of venom; a +2 robe of cold resistance A shadow is nearby!
A shadow is nearby!
A shadow is nearby!
A shadow is nearby!
A shadow is nearby!
Things that are here:
a +1 dagger of venom; a +2 robe of cold resistance
There is an open door here.
There is an open door here.
The shadow slips into darkness.
The shadow flickers and vanishes!
Deactivating autopickup; reactivate with Ctrl-A.
There is a stone staircase leading down here.
The shadow strikes at you from the darkness!
Ouch! That really hurt!
Reactivating autopickup.
You fly downwards.
Found 13 gold pieces.
There is a stone staircase leading up here.
The shadow hits you. The shadow hits you.
* * * LOW HITPOINT WARNING * * *
The shadow slips into darkness.
The shadow flickers and vanishes!
Deactivating autopickup; reactivate with Ctrl-A.
The shadow strikes at you from the darkness!
You die...
Your body crumbles into a pile of gold.

#<.........
#..........
#.$........
#...##..###
#....####
#....#
#....#
#....#
+..@.#
#....#
######


There were no monsters in sight!

Vanquished Creatures
  Duvessa (D:5)
  An ogre (D:5)
  2 scorpions
  Dowan (D:5)
  3 hounds
  An orc priest (D:2)
  A jelly (D:4)
  A bullfrog skeleton (D:4)
  An orc wizard (D:5)
  An iguana (D:5)
  A hound skeleton (D:4)
  A howler monkey zombie (D:5)
  A gnoll (D:1)
  5 adders
  An ufetubus (D:5)
  4 dart slugs
  12 orcs
  5 bats (D:1)
  6 endoplasms
  2 giant cockroaches (D:1)
  8 hobgoblins
  6 jackals
  2 quokkas (D:5)
  4 ball pythons
  A frilled lizard (D:1)
  A goblin (D:4)
  8 kobolds
  2 rats
83 creatures vanquished.

Vanquished Creatures (others)
  12 plants (D:4)
12 creatures vanquished.

Grand Total: 95 creatures vanquished

Notes
Turn   | Place    | Note
-------+----------+-------------------------------------------
     0 | D:1      | siradein the Tengu Fighter began the quest for the Orb.
     0 | D:1      | Reached XP level 1. HP: 14/14 MP: 2/2
   212 | D:1      | Reached XP level 2. HP: 15/19 MP: 3/3
   609 | D:1      | Reached XP level 3. HP: 21/23 MP: 4/4
   719 | D:1      | Found a faded altar of an unknown god.
  1260 | D:2      | Found a blossoming altar of Fedhas.
  1867 | D:3      | Found an opulent altar of Gozag.
  1890 | D:2      | Reached XP level 4. HP: 21/28 MP: 5/5
  2102 | D:3      | Found a burning altar of Makhleb.
  2106 | D:3      | Became a worshipper of Gozag Ym Sagoz the Greedy
  2165 | D:3      | Found Gebuop's Jewellery Shoppe.
  2995 | D:3      | Gained mutation: Your magical nature lets you fly swiftly
                  | and evasively. [Tengu growth]
  2995 | D:3      | Reached XP level 5. HP: 27/33 MP: 6/6
  3049 | D:3      | Found a transporter.
  3077 | D:3      | Found a transporter.
  3264 | D:4      | Found a hazy altar of Hepliaklqana.
  3524 | D:4      | Found a staircase to the Ecumenical Temple.
  3625 | D:4      | Reached XP level 6. HP: 36/38 MP: 7/7
  4353 | D:4      | Found a shimmering blue altar of Sif Muna.
  4710 | D:5      | Entered Level 5 of the Dungeon
  4745 | D:5      | Found Biuph's General Store.
  4752 | D:5      | Reached skill level 5 in Armour
  4805 | D:5      | Noticed Duvessa
  4805 | D:5      | Noticed Dowan
  4827 | D:5      | Killed Duvessa
  4828 | D:5      | Reached XP level 7. HP: 44/44 MP: 8/8
  4835 | D:5      | Killed Dowan
  5042 | D:3      | Bought the ring of Shadows {Umbra +Inv Stlth+} for 400 gold
                  | pieces
  5042 | D:3      | Found the ring of Shadows {Umbra +Inv Stlth+}
  5125 | D:5      | Found a glowing golden altar of the Shining One.
  5225 | D:5      | Found Tenadar's Magic Scroll Shoppe.
  5304 | D:5      | Found Beujet's Assorted Antiques.
  5356 | D:5      | Found a blossoming altar of Fedhas.
  5442 | D:5      | Reached skill level 5 in Fighting
  5442 | D:5      | Reached skill level 5 in Shields
  5636 | D:5      | Found a radiant altar of Vehumet.
  5816 | D:5      | Found Leuchok's Armour Shop.
  5821 | D:5      | Bought a +0 pair of gloves for 54 gold pieces
  5877 | D:5      | Noticed a shadow
  5887 | D:5      | Reached skill level 5 in Long Blades
  6075 | D:6      | Slain by a shadow

Illustrated notes

Levels and vault maps discovered:
D:1:      psy_arrival_conway, layout_loops_ring, serial_glass, glass_columns_a,
          glass_columns_c, feat_on_display, due_unseen_surprise,
          item_on_display_a, feat_on_display,
          hellmonk_ecumenical_altar_leap_of_faith, minivault_11
D:2:      layout_basic, basic_altar, hangedman_abyss_or_decor_lesser_grid,
          minmay_hedge_maze
D:3:      gammafunk_wand_slinger, layout_rooms, bloody_makhleb,
          nicolae_gozag_seed_capital, serial_shops, shop_statue,
          kennysheep_generic_room_16
D:4:      layout_layer_cave, nicolae_hepliaklqana_hazy_memory,
          lemuel_crystal_altar, minmay_temple_entry_offerings
D:5:      minmay_chambers_of_fours, layout_rooms, vehumet_statue,
          mainiacjoe_overflow_six_doors_small,
          mainiacjoe_overflow_surrounded_room, serial_shops,
          nicolae_take_the_stairs, shop_fountains, shop, kennysheep_little_box,
          uniq_duvessa
D:6:      layout_gridville, mainiacjoe_overflow_24_doors, minivault_5,
          nicolae_shop_gadgets

Skill      XL: |  1  2  3  4  5  6  7 |
---------------+----------------------+-----
Long Blades    | 3 4 5 |  5.0
Armour         | 4 5 |  5.6
Shields        | 4 5 |  5.1
Fighting       | 4 5 |  5.1

Action                   |  1- 3 |  4- 6 |  7- 9 || total
-------------------------+-------+-------+-------++-------
Melee: Long sword        |    78 |    92 |    60 ||   230
       Kick              |    23 |    29 |    19 ||    71
       Peck              |     8 |    13 |     8 ||    29
Throw: Dart              |       |     7 |       ||     7
Armor: Scale mail        |     5 |       |       ||     5
       Plate armour      |    46 |    52 |     1 ||    99
       Chain mail        |       |       |    35 ||    35
Dodge: Dodged            |    21 |    29 |    29 ||    79
Block: Buckler           |    26 |    22 |    14 ||    62

Table legend: (Time is in decaauts)
 A = Elapsed time spent in this place.
 B = Non-inter-level travel time spent in this place.
 C = Inter-level travel time spent in this place.
 D = Time resting spent in this place.
 E = Time spent auto-exploring this place.
 F = Levels seen in this place.
 G = Mean time per level.
                   A        B        C        D        E       F      G
               +--------+--------+--------+--------+--------+-----+--------+
         Total |   5945 |   5630 |    315 |    324 |   4363 |   6 |  990.8 |
       Dungeon |   5945 |   5630 |    315 |    324 |   4363 |   6 |  990.8 |
               +--------+--------+--------+--------+--------+-----+--------+

Top non-repeatable levels by time:
     D:2: 1395 daAuts
     D:4: 1257 daAuts
     D:5: 1201 daAuts
     D:1: 1164 daAuts
     D:3: 911 daAuts
     D:6: 14 daAuts
